 Dungeon Crawl Stone Soup version 0.23-a0-448-g1c01f63178 (webtiles) character file.

157 Ladeesh the Digger (level 5, -6/28 HPs)
             Began as a Gargoyle Earth Elementalist on Nov 20, 2018.
             Killed by divine providence
             ... invoked by an orc priest
              (14 damage)
             ... on level 3 of the Dungeon.
             The game lasted 00:08:09 (4004 turns).

Ladeesh the Digger (Gargoyle Earth Elementalist)    Turns: 4004, Time: 00:08:09

Health: -6/28      AC: 11    Str: 12    XL:     5   Next: 38%
Magic:  1/10       EV: 12    Int: 16    God:
Gold:   150        SH:  0    Dex: 10    Spells: 1/10 levels left

rFire    . . .     SeeInvis .   a - +0 club
rCold    . . .     Gourm    .   (no shield)
rNeg     + + .     Faith    .   c - +0 robe
rPois    ∞         Spirit   .   f - +2 helmet
rElec    +         Reflect  .   m - +0 cloak
rCorr    .         Harm     .   h - +0 pair of gloves
MR       .....                  (no boots)
Stlth    ++........             (no amulet)
HPRegen  0.09/turn              k - ring of positive energy
MPRegen  0.12/turn              (no ring)

@: very slightly contaminated
A: negative energy resistance 1, electricity resistance, unbreathing,
petrification resistance, rot immunity, AC +4
a: no special abilities


You were on level 3 of the Dungeon.
You were not hungry.

You visited 1 branch of the dungeon, and saw 3 of its levels.

You collected 150 gold pieces.

Inventory:

Hand Weapons
 a - a +0 club (weapon)
Missiles
 b - 53 stones (quivered)
Armour
 c - a +0 robe (worn)
 f - a +2 helmet (worn)
 h - a +0 pair of gloves (worn)
 m - a +0 cloak (worn)
Jewellery
 k - a ring of positive energy (left hand)
Comestibles
 d - 4 rations


   Skills:
 - Level 1.5 Dodging
 - Level 2.1 Stealth
 + Level 3.4 Spellcasting
 + Level 2.3 Conjurations
   Level 0.7 Transmutations
 + Level 5.2 Earth Magic


You had one spell level left.
You knew the following spells:

 Your Spells              Type           Power        Failure   Level  Hunger
a - Sandblast             Erth           ###...       1%          1    None
b - Stone Arrow           Conj/Erth      ##....       12%         3    ###....
c - Lee's Rapid Deconstr  Erth           ###.......   50%         5    ######.

Your spell library contained the following spells:

 Spells                   Type           Power        Failure   Level  Hunger
 Passwall                 Tmut/Erth      ##......     8%          2    ##.....
 Petrify                  Tmut/Erth      ##......     45%         4    ####...


Dungeon Overview and Level Annotations

Branches:
Dungeon (3/15)

Altars:
Cheibriados
Kikubaaqudgha
Qazlal
Uskayaw
Yredelemnul
The Shining One


Innate Abilities, Weirdness & Mutations

You are resistant to torment.
Your stone body is resilient. (AC +4)
You are immune to poison.
You resist negative energy. (rN+)
You are resistant to electric shocks. (rElec)
You can survive without breathing.
You are immune to petrification.
You are immune to rotting.


Message History

The orc priest hits you but does no damage.
You barely miss the orc priest.
The orc priest is severely wounded.
The orc priest hits you but does no damage.
The orc priest looks encouraged for a moment.
You hit the orc priest but do no damage.
The orc priest is severely wounded.
The orc priest hits you but does no damage.
You closely miss the orc priest.
The orc priest is severely wounded.
The orc priest closely misses you.
You hit the orc priest.
The orc priest is severely wounded.
The orc priest barely misses you.
You barely miss the orc priest.
The orc priest is severely wounded.
The orc priest calls down the wrath of Beogh upon you.
Beogh smites you!
Ouch! That really hurt!
You die...

#.##.#...###...#.#
#.##.###.# #...#.# #.##.#
#.###.#.#.#
#####.##.###.....#.#.#
.................#.#.# #.
#####..#########.#.#.####...
#........# #.#........#.
##.#####.# #o###........ #.#
#@# #.####.## #.# ###.###.#
#.# #.. ........###.# ###
###.........# ###########


You could see an orc priest.

Vanquished Creatures
  An orc wizard (D:3)
  Robin (D:2)
  3 adders (D:2)
  3 worms (D:2)
  6 dart slugs
  2 leopard geckos
  3 orcs (D:3)
  A ball python (D:1)
  2 giant cockroaches
  13 goblins
  6 hobgoblins
  4 jackals (D:1)
  8 kobolds
  4 bats
  4 frilled lizards
  6 rats
67 creatures vanquished.

Notes
Turn   | Place    | Note
-------+----------+-------------------------------------------
     0 | D:1      | Ladeesh the Gargoyle Earth Elementalist began the quest for
                  | the Orb.
     0 | D:1      | Reached XP level 1. HP: 10/10 MP: 3/3
   558 | D:1      | Reached skill level 4 in Earth Magic
   558 | D:1      | Reached XP level 2. HP: 15/15 MP: 3/5
  1091 | D:1      | Reached XP level 3. HP: 19/19 MP: 6/6
  1096 | D:1      | Learned a level 3 spell: Stone Arrow
  1904 | D:2      | Noticed Robin
  1927 | D:2      | Reached skill level 1 in Conjurations
  2297 | D:2      | Reached XP level 4. HP: 24/24 MP: 4/8
  2404 | D:2      | Found a basalt altar of Yredelemnul.
  2651 | D:2      | Found a stormy altar of Qazlal.
  2946 | D:2      | Killed Robin
  2979 | D:2      | Reached skill level 5 in Earth Magic
  3346 | D:2      | Found a glowing golden altar of the Shining One.
  3348 | D:2      | Noticed an angel
  3442 | D:3      | Reached XP level 5. HP: 22/28 MP: 6/9
  3510 | D:3      | Found a snail-covered altar of Cheibriados.
  3510 | D:3      | Found a hide-covered altar of Uskayaw.
  3510 | D:3      | Found an ancient bone altar of Kikubaaqudgha.
  3539 | D:3      | Learned a level 5 spell: Lee's Rapid Deconstruction
  4004 | D:3      | Killed from afar by an orc priest

Vault maps used:
D:1:      dpeg_arrival_radiant, minmay_box_of_dots
D:2:      grunt_temple_overflow_holy_war, lemuel_doored_altar, uniq_robin
D:3:      overflow_temple_1_default, gammafunk_temple_overflow_claw,
          serial_glass, glass_columns_b, glass_columns_a,
          gammafunk_ghost_cemetery

Skill      XL: |  1  2  3  4 |
---------------+-------------+-----
Earth Magic    | 4 5 |  5.2
Conjurations   | 1 2 |  2.3
Spellcasting   | 3 |  3.4
Dodging        | |  1.5
Stealth        | |  2.1
Transmutations | |  0.7

Action                   |  1- 3 |  4- 6 || total
-------------------------+-------+-------++-------
Melee: Club              |   113 |    98 ||   211
       Unarmed           |     3 |       ||     3
 Cast: Sandblast         |    19 |    45 ||    64
  Use: Scroll            |     6 |     3 ||     9
       Potion            |       |     4 ||     4
 Stab: Sleeping          |     3 |     3 ||     6
       Distracted        |     1 |       ||     1
  Eat: Chunk             |     4 |     6 ||    10
Armor: Robe              |    59 |    65 ||   124
Dodge: Dodged            |   116 |    70 ||   186

Table legend:
 A = Non-vault XP
 B = Vault XP
 C = Vault XP percentage of total XP
 D = Non-vault monster count
 E = Vault monster count
 F = Vault count percentage of total count
                 A         B        C        D         E       F
            +---------+---------+-------+---------+---------+-------
      Total |     183 |      42 |  18.7 |      53 |      14 |  20.9
            +---------+---------+-------+---------+---------+-------
        D:1 |      40 |       8 |  16.7 |      21 |       3 |  12.5
        D:2 |      74 |      34 |  31.5 |      18 |      11 |  37.9
        D:3 |      69 |       0 |   0.0 |      14 |       0 |   0.0
            +---------+---------+-------+---------+---------+-------
